 Dungeon Crawl Stone Soup version 0.28.0-45-g0d030f2227 (webtiles) character file.

Game seed: 259607162495094678

3259 Faeu the Fighter (level 9, -7/83 HPs)
             Began as a Minotaur Fighter on Mar 29, 2022.
             Was a Follower of Elyvilon.
             Mangled by a two-headed ogre
             ... wielding a +0 giant spiked club
              (20 damage)
             ... on level 10 of the Dungeon on Mar 30, 2022.
             The game lasted 00:39:25 (7555 turns).

Faeu the Fighter (Minotaur Fighter)                 Turns: 7555, Time: 00:39:26

Health: -7/83      AC: 14    Str: 26    XL:     9   Next: 68%
Magic:  8/8        EV:  7    Int:  5    God:    Elyvilon [*.....]
Gold:   323        SH: 10    Dex:  9    Spells: 8/8 levels left

rFire   + . .      SeeInvis .   a - +0 long sword {long}
rCold   . . .      Faith    .   c - +0 buckler
rNeg    . . .      Spirit   .   z - +0 plate armour
rPois   .          Reflect  +   (helmet restricted)
rElec   .          Harm     .   (no cloak)
rCorr   .          Rampage  .   (no gloves)
Will    .....                   (no boots)
Stlth   ..........              B - amulet of reflection
HPRegen 0.23/turn               g - ring of protection from fire
MPRegen 0.11/turn               (no ring)

@: hasted, very quick
A: horns 2, retaliatory headbutt
a: Renounce Religion, Purification


You were on level 10 of the Dungeon.
You worshipped Elyvilon.
Elyvilon was aware of your devotion.
You visited 2 branches of the dungeon, and saw 11 of its levels.

You collected 323 gold pieces.


Innate Abilities, Weirdness & Mutations

You have a pair of horns on your head.
You reflexively headbutt those who attack you in melee.


   Skills:
 + Level 9.0 Fighting
 + Level 8.6 Long Blades
 + Level 9.0 Armour
 + Level 9.0 Shields


You had 8 spell levels left.
You didn't know any spells.
Your spell library contained the following spells:

 Spells                   Type           Power      Damage    Failure   Level
 Apportation              Tloc           0%         N/A       100%        1
 Sting                    Tmut/Pois      0%         1d3       100%        1
 Poisonous Vapours        Pois/Air       0%         N/A       100%        2
 Static Discharge         Conj/Air       0%         N/A       100%        2
 Ignite Poison            Fire/Tmut/Pois 0%         N/A       100%        3
 Mephitic Cloud           Conj/Pois/Air  0%         N/A       100%        3
 Tukima's Dance           Hex            0%         N/A       100%        3
 Anguish                  Hex/Necr       0%         N/A       100%        4
 Dispel Undead            Necr           0%         3d6       100%        4
 Hailstorm                Conj/Ice       0%         3d3       100%        4
 Ice Form                 Ice/Tmut       0%         N/A       100%        4
 Olgreb's Toxic Radiance  Pois           0%         N/A       100%        4
 Sticky Flame             Conj/Fire      0%         2d3       100%        4
 Alistair's Intoxication  Tmut/Pois      0%         N/A       100%        5
 Freezing Cloud           Conj/Ice/Air   0%         6-21      100%        5
 Simulacrum               Ice/Necr       0%         N/A       100%        6
 Enfeeble                 Hex            0%         N/A       100%        7

Inventory:

Hand Weapons
 a - a +0 long sword (weapon) {long}
 e - a +2 trident of venom {polearm}
   (You took it off an orc on level 3 of the Dungeon)
 n - a +1 vampiric dagger {short}
   (You took it off a goblin on level 2 of the Dungeon)
 E - a +1 whip of flaming {mace}
   (You took it off Pikel on level 5 of the Dungeon)
 H - a +3 flail of holy wrath {mace}
   (You took it off Edmund on level 6 of the Dungeon)
 K - a +2 war axe of flaming {axe}
   (You took it off Maggie on level 7 of the Dungeon)
Missiles
 i - 307 stones {throwing}
 D - 6 boomerangs {throwing}
 I - 8 poisoned darts {throwing}
 M - 6 atropa-tipped darts {throwing}
Armour
 c - a +0 buckler (worn)
 p - the +1 robe of Autumn {rPois Will+ Dex+4}
   (You found it on level 2 of the Dungeon)

   Dex:       It affects your dexterity (+4).
   rPois:     It protects you from poison.
   Will:      It increases your willpower.
 r - a +2 robe of willpower
   (You found it on level 3 of the Dungeon)
 z - a +0 plate armour (worn)
   (You took it off an orc warrior on level 4 of the Dungeon)
 L - +0 acid dragon scales
   (You took it off Maggie on level 7 of the Dungeon)
Jewellery
 b - a ring of wizardry
   (You found it on level 4 of the Dungeon)
 g - a ring of protection from fire (left hand)
   (You found it on level 1 of the Dungeon)
 m - an amulet of magic regeneration {@e2}
   (You found it on level 2 of the Dungeon)
 s - a ring of magical power
   (You found it on level 3 of the Dungeon)
 B - an amulet of reflection (around neck)
   (You found it on level 4 of the Dungeon)
 N - an amulet of guardian spirit
   (You found it on level 7 of the Dungeon)
 R - a ring of positive energy
   (You found it on level 8 of the Dungeon)
Wands
 G - a wand of mindburst (24) (quivered)
   (You found it on level 5 of the Dungeon)
 J - a wand of iceblast (6)
   (You found it on level 7 of the Dungeon)
Scrolls
 f - a scroll of vulnerability {!r!r}
 j - a scroll of identify {@r1}
 o - a scroll of fear {unknown}
 q - a scroll of amnesia
 u - 2 scrolls of torment {forbidden!r}
 v - a scroll of teleportation {unknown}
 x - a scroll of enchant weapon {unknown}
 y - a scroll of magic mapping {unknown}
 C - 3 scrolls of holy word
 F - a scroll of immolation {unknown}
 Q - a scroll of noise {unknown}
Potions
 d - 3 potions of might
 h - a potion of ambrosia
 k - a potion of resistance {unknown}
 t - a potion of degeneration {unknown}
 w - 2 potions of attraction {!q}
 O - a potion of curing {@q1}

Dungeon Overview and Level Annotations

Branches:
Dungeon (10/15)            Temple (1/1) D:7
   Lair: D:8-11         Orc: D:9-12

Altars:
Ashenzari
Cheibriados
Dithmenos
Elyvilon
Fedhas
Gozag
Hepliaklqana
Kikubaaqudgha
Makhleb
Okawaru
Qazlal
Ru
Sif Muna
Trog
Xom
Yredelemnul
Zin
The Shining One

Annotations:
D:3 3 runed translucent doors, Peloso's ghost, amateur MiFi

########. .....
........ ....
......# #... ......#
#...######## ......#
#..........# ......#
#..........# ......#
#..........# ......#
#...@.....# ......#
#...O....## +####.#
#........# #.#
#.....$### #.#
#......# #.#
#......# #.#
#......#
#.###+#+#......###
#+#................#


You could see a two-headed ogre.


Message History

The kobold brigand throws a curare-tipped dart.
You reflect the curare-tipped dart off an invisible shield around you!
The curare-tipped dart closely misses the kobold brigand.
The centaur hits you but does no damage.
The centaur kicks you but does no damage.
There is a stone staircase leading down here.
The centaur barely misses you.
The centaur kicks you but does no damage.
The centaur closely misses you. You furiously retaliate!
You headbutt the centaur, but do no damage.
The centaur kicks you.
* * * LOW HITPOINT WARNING * * *
You climb downwards.
There is a stone staircase leading up here. 😨 HP[-3]
You take 3 damage, and now have 27/83 hp.
The centaur wields a +0 shortbow.
The centaur shoots an arrow.
You reflect the arrow off an invisible shield around you!
The arrow closely misses the centaur.
There is a stone staircase leading down here.
The centaur shoots an arrow.
You reflect the arrow off an invisible shield around you!
The arrow hits the centaur.
You climb downwards.
The two-headed ogre shouts in stereo!
There is a stone staircase leading up here. 😨 HP[+1]
Aiming: Mindburst
Press: ? - help, Shift-Dir - straight line, f - two-headed ogre
Aim: a two-headed ogre, wielding a +0 giant spiked club and a +0 giant club (chance to affect: 47%)
Okay, then.
Unknown command. 😨 HP[+1]
As you read the scroll of fog, it crumbles to dust.
The scroll dissolves into smoke.
You block the two-headed ogre's attack. x2 😨 HP[+1] 😨 HP[+1] 😨 HP[+1] 😨 HP[+1] 😨 HP[+1] 😨 HP[+1] 😨 HP[+1]
A cyclops and a boulder beetle come into view.
The boulder beetle curls into a ball and begins rolling! 😨 HP[+1]
As you read the scroll of fog, it crumbles to dust.
The scroll dissolves into smoke. 😨 HP[+1] 😨 HP[+1]
The boulder beetle leaps! 😨 HP[+1] 😨 HP[+1] 😮 HP[+1] 😮 HP[+1] 😮 HP[+1] 😮 HP[+1] 😮 HP[+1] 😮 HP[+1] 😮 HP[+1] 😮 HP[+1] 😮 HP[+1]
Aiming: Mindburst
Press: ? - help, Shift-Dir - straight line, f - two-headed ogre
Aim: a two-headed ogre, wielding a +0 giant spiked club and a +0 giant club (chance to affect: 47%)
Okay, then.
Unknown command.
You feel yourself speed up.
The two-headed ogre hits you with a +0 giant spiked club!!
* * * LOW HITPOINT WARNING * * *
You block the two-headed ogre's attack. 😱 HP[-32]
You take 32 damage, and now have 18/83 hp.
MASSIVE DAMAGE!! (PAUSE)
Aiming: Mindburst
Press: ? - help, Shift-Dir - straight line, f - two-headed ogre
Aim: a two-headed ogre, wielding a +0 giant spiked club and a +0 giant club (chance to affect: 47%)
The two-headed ogre resists with some effort. 😱 HP[+1]
You feel better. You block the two-headed ogre's attack.
The two-headed ogre hits you with a +0 giant club!
* * * LOW HITPOINT WARNING * * *
😱 HP[-6]
You take 6 damage, and now have 13/83 hp.
Aiming: Mindburst
Press: ? - help, Shift-Dir - straight line, f/p - two-headed ogre
Aim: a two-headed ogre, wielding a +0 giant spiked club and a +0 giant club (chance to affect: 47%)
The two-headed ogre's minds are blasted!
You block the two-headed ogre's attack.
The two-headed ogre hits you but does no damage.
Aiming: Mindburst
Press: ? - help, Shift-Dir - straight line, f/p - two-headed ogre
Aim: a two-headed ogre, wielding a +0 giant spiked club and a +0 giant club (moderately wounded, chance to affect: 47%)
The two-headed ogre resists with some effort.
Aiming: Mindburst
Press: ? - help, Q - select action, (/) - cycle Shift-Dir - straight line, f/p - two-headed ogre
Aim: a two-headed ogre, wielding a +0 giant spiked club and a +0 giant club (moderately wounded, chance to affect: 47%)
The two-headed ogre's minds are blasted!
You block the two-headed ogre's attack.
The two-headed ogre hits you with a +0 giant club!!
You die...

Skill      XL: |  1  2  3  4  5  6  7  8  9 |
---------------+----------------------------+-----
Fighting       | 4 5 6 7 9 |  9.0
Long Blades    | 3 4 6 7 8 |  8.6
Armour         | 4 5 6 7 9 |  9.0
Shields        | 4 5 6 7 9 |  9.0

Action                   |  1- 3 |  4- 6 |  7- 9 || total
-------------------------+-------+-------+-------++-------
Melee: Long sword        |    51 |    19 |    34 ||   104
       Headbutt          |     8 |    22 |    22 ||    52
       Trident           |       |   149 |     8 ||   157
       Flail             |       |       |    95 ||    95
       War axe           |       |       |    39 ||    39
Throw: Stone             |     3 |    15 |    51 ||    69
Evoke: Wand              |       |       |     6 ||     6
  Use: Potion            |       |     2 |     2 ||     4
       Scroll            |       |       |    10 ||    10
Armor: Scale mail        |    19 |    60 |       ||    79
       Robe              |       |     6 |       ||     6
       Plate armour      |       |    29 |   105 ||   134
Dodge: Dodged            |    15 |    80 |    48 ||   143
Block: Buckler           |    13 |    54 |   103 ||   170
       Reflection        |       |     2 |     6 ||     8

Levels and vault maps discovered:
D:1:      dpeg_arrival_caged_fury, layout_basic, st_stairs_13, chequers_avenue,
          solitary_fountain
D:2:      layout_rooms, hellmonk_ecumenical_altar_crossroads,
          minmay_pentomino_x4, uniq_natasha
D:3:      layout_rooms, gammafunk_ghost_split
D:4:      layout_cave_pools, serial_column_ruins, column_ruins_hut,
          column_ruins_grid_4, column_ruins_open_large,
          column_ruins_corridor_straight, corexii_hall_statues_l,
          kennysheep_minor_cross, minivault_5, minmay_rat_hole
D:5:      layout_gridville, nrook_mini_backslash, minivault_25,
          minmay_misc_feat_iff, serial_bayou_pond_d, serial_bayou_crossing,
          uniq_pikel
D:6:      layout_basic, kennysheep_generic_room_10, uniq_edmund
D:7:      layout_loops_ring, minmay_temple_entry_trees,
          nicolae_figureground_sparkle, uniq_maggie
D:8:      layout_basic, xom_confusion_cloud, uniq_grum
D:9:      layout_cave_pods
D:10:     layout_irregular_city, minivault_20
Temple:   dpeg_three_leaves_temple

Notes
Turn   | Place    | Note
-------+----------+-------------------------------------------
     0 | D:1      | Faeu the Minotaur Fighter began the quest for the Orb.
     0 | D:1      | Reached XP level 1. HP: 19/19 MP: 0/0
     0 | D:1      | magus.rc [v1.9.6]
     1 | D:1      | Found a runed translucent door.
   508 | D:1      | Reached XP level 2. HP: 27/27 MP: 1/1
   892 | D:1      | You pick up a book of the Tundra and begin reading...
   892 | D:1      | You add the spells Hailstorm, Ice Form and Simulacrum to
                  | your library.
  1117 | D:2      | Reached skill level 4 in Fighting
  1117 | D:2      | Reached skill level 3 in Long Blades
  1117 | D:2      | Reached skill level 4 in Armour
  1117 | D:2      | Reached skill level 4 in Shields
  1117 | D:2      | Reached XP level 3. HP: 33/33 MP: 2/2
  1126 | D:2      | Noticed Natasha
  1135 | D:2      | Killed Natasha
  1251 | D:2      | Found a faded altar of an unknown god.
  1469 | D:2      | Identified the +1 robe of Autumn {rPois Will+ Dex+4}
  1484 | D:2      | Noticed Natasha
  1492 | D:2      | Killed Natasha
  1493 | D:2      | Reached XP level 4. HP: 33/41 MP: 3/3
  1618 | D:3      | HP: 8/41 [poisoned by an orc]
  1936 | D:3      | Found a runed translucent gate.
  1937 | D:3      | Found a runed translucent gate.
  1938 | D:3      | Found a runed translucent gate.
  1939 | D:3      | Noticed Peloso's ghost (amateur MiFi)
  2373 | D:2      | Noticed Natasha
  2379 | D:2      | Killed Natasha
  2461 | D:1      | Reached XP level 5. HP: 46/47 MP: 4/4
  2546 | D:4      | Reached skill level 4 in Long Blades
  2729 | D:4      | magus.rc [v1.9.6]
  2817 | D:4      | Noticed an orc warrior
  2835 | D:4      | Killed an orc warrior
  2836 | D:4      | Reached skill level 5 in Fighting
  2836 | D:4      | Reached skill level 5 in Armour
  2836 | D:4      | Reached skill level 5 in Shields
  2836 | D:4      | Reached XP level 6. HP: 33/56 MP: 5/5
  2839 | D:4      | magus.rc [v1.9.6]
  3177 | D:4      | You add the spells Ignite Poison, Mephitic Cloud and
                  | Freezing Cloud to your library.
  3466 | D:5      | Entered Level 5 of the Dungeon
  4189 | D:5      | Reached skill level 5 in Long Blades
  4281 | D:5      | Noticed Pikel
  4311 | D:5      | Killed Pikel
  4312 | D:5      | Reached skill level 6 in Fighting
  4312 | D:5      | Reached skill level 6 in Long Blades
  4312 | D:5      | Reached skill level 6 in Armour
  4312 | D:5      | Reached skill level 6 in Shields
  4312 | D:5      | Reached XP level 7. HP: 57/64 MP: 6/6
  4864 | D:6      | Noticed Edmund
  4875 | D:6      | Killed Edmund
  4876 | D:6      | Reached XP level 8. HP: 33/71 MP: 7/7
  4880 | D:6      | You add the spells Sting, Poisonous Vapours and Olgreb's
                  | Toxic Radiance to your library.
  5143 | D:6      | Reached skill level 7 in Fighting
  5218 | D:6      | Reached skill level 7 in Armour
  5218 | D:6      | Reached skill level 7 in Shields
  5362 | D:6      | Reached skill level 7 in Long Blades
  5747 | D:6      | Reached XP level 9. HP: 81/81 MP: 8/8
  6094 | D:7      | You pick up a book of Maledictions and begin reading...
  6094 | D:7      | You add the spells Tukima's Dance, Anguish and Enfeeble to
                  | your library.
  6262 | D:7      | Noticed Maggie
  6276 | D:7      | Killed Maggie
  6277 | D:7      | Reached skill level 8 in Fighting
  6277 | D:7      | Reached skill level 8 in Armour
  6277 | D:7      | Reached skill level 8 in Shields
  6382 | D:7      | Found a staircase to the Ecumenical Temple.
  6400 | Temple   | Entered the Ecumenical Temple
  6415 | Temple   | Became a worshipper of Elyvilon the Healer
  6483 | D:7      | Reached skill level 8 in Long Blades
  6862 | D:7      | You pick up a book of Touch and begin reading...
  6862 | D:7      | You add the spells Static Discharge, Sticky Flame and
                  | Dispel Undead to your library.
  7034 | D:8      | Noticed Grum
  7055 | D:8      | Killed Grum
  7260 | D:8      | You pick up a book of Party Tricks and begin reading...
  7260 | D:8      | You add the spells Apportation and Alistair's Intoxication
                  | to your library.
  7379 | D:8      | Reached * piety under Elyvilon
  7380 | D:8      | Found a shimmering altar of Xom.
  7411 | D:8      | Identified a +2 robe of the Archmagi
  7416 | D:8      | Reached skill level 9 in Fighting
  7416 | D:8      | Reached skill level 9 in Armour
  7431 | D:8      | Reached skill level 9 in Shields
  7434 | D:9      | Noticed a brown ugly thing
  7452 | D:10     | Entered Level 10 of the Dungeon
  7452 | D:10     | Noticed a two-headed ogre
  7490 | D:10     | Noticed a cyclops
  7490 | D:10     | Noticed a boulder beetle
  7550 | D:10     | HP: 18/83 [two-headed ogre/+0 giant spiked club (32)]
  7555 | D:10     | Mangled by a two-headed ogre

Vanquished Creatures
  Pikel (D:5)
  Maggie (D:7)
  Grum (D:8)
  Edmund (D:6)
  3 water moccasins
  An orc warrior (D:4)
  An ice beast (D:6)
  2 sky beasts (D:6)
  2 necrophages (D:6)
  2 ogres
  A centaur (D:7)
  3 wolves (D:8)
  A kobold brigand (D:6)
  A bullfrog (D:8)
  3 scorpions (D:6)
  2 hounds (D:5)
  A centaur skeleton (D:6)
  A jelly (D:8)
  A bullfrog skeleton (D:6)
  3 orc wizards
  Natasha (thrice) (D:2)
  2 iguanas
  5 adders
  2 white imps
  An adder skeleton (D:4)
  2 worms
  A dart slug (D:1)
  22 orcs
  7 ball pythons
  5 endoplasms
  4 giant cockroaches (D:1)
  5 goblins
  6 hobgoblins
  10 jackals
  5 kobolds
  4 quokkas
  2 bats
  30 rats
148 creatures vanquished.

Vanquished Creatures (collateral kills)
  A bullfrog (D:8)
  A wight (D:8)
2 creatures vanquished.

Vanquished Creatures (others)
  A plant (D:5)
1 creature vanquished.

Grand Total: 151 creatures vanquished

Table legend:
 A = Non-vault XP
 B = Vault XP
 C = Vault XP percentage of total XP
 D = Non-vault monster count
 E = Vault monster count
 F = Vault count percentage of total count
                 A         B        C        D         E       F
            +---------+---------+-------+---------+---------+-------
      Total |    2508 |    2149 |  46.1 |     100 |      50 |  33.3
            +---------+---------+-------+---------+---------+-------
        D:1 |      20 |      26 |  56.5 |      10 |      16 |  61.5
        D:2 |      97 |      43 |  30.7 |      11 |       4 |  26.7
        D:3 |      29 |       0 |   0.0 |      17 |       0 |   0.0
        D:4 |     305 |      20 |   6.2 |      16 |      19 |  54.3
        D:5 |     193 |     651 |  77.1 |      13 |       1 |   7.1
        D:6 |    1227 |     205 |  14.3 |      17 |       2 |  10.5
        D:7 |     506 |     404 |  44.4 |      14 |       1 |   6.7
        D:8 |     131 |     800 |  85.9 |       2 |       7 |  77.8
            +---------+---------+-------+---------+---------+-------

Illustrated notes

Table legend:
 A = Kills in this place as a percentage of kills in entire the game.
 B = Kills by you in this place as a percentage of kills by you in the entire game.
 C = Kills by friends in this place as a percentage of kills by friends in the entire game.
 D = Other kills in this place as a percentage of other kills in the entire game.
 E = Experience gained in this place as a percentage of experience gained in the entire game.
 F = Experience gained in this place divided by the number of levels of this place that you have seen.
                   A       B       C       D       E      F
               +-------+-------+-------+-------+-------+----------------------
         Total | 100.0 | 100.0 | 100.0 |   N/A | 100.0 | 423.4
       Dungeon | 100.0 | 100.0 | 100.0 |   N/A | 100.0 | 465.7
               +-------+-------+-------+-------+-------+----------------------

Table legend: (Time is in decaauts)
 A = Elapsed time spent in this place.
 B = Non-inter-level travel time spent in this place.
 C = Inter-level travel time spent in this place.
 D = Time resting spent in this place.
 E = Time spent auto-exploring this place.
 F = Levels seen in this place.
 G = Mean time per level.
                   A        B        C        D        E       F      G
               +--------+--------+--------+--------+--------+-----+--------+
         Total |   7714 |   7522 |    192 |    918 |   4086 |  11 |  701.3 |
       Dungeon |   7684 |   7492 |    192 |    918 |   4078 |  10 |  768.4 |
        Temple |     29 |     29 |      0 |      0 |      8 |   1 |   29.0 |
               +--------+--------+--------+--------+--------+-----+--------+

Top non-repeatable levels by time:
     D:5: 1357 daAuts
     D:6: 1257 daAuts
     D:1: 1183 daAuts
     D:7: 1015 daAuts
     D:4: 962 daAuts
     D:3: 804 daAuts
     D:2: 582 daAuts
     D:8: 403 daAuts
    D:10: 101 daAuts
  Temple: 29 daAuts
     D:9: 16 daAuts
